 Dungeon Crawl Stone Soup version 0.31-a0-819-gf6de2f5ab6 (webtiles) character file.

Game seed: 9883588480224744565

970 qw the Skirmisher (level 8, -1/49 HPs)
             Began as a Gargoyle Hunter on Sept 23, 2023.
             Slain by an orc
             ... wielding a +0 flail
              (5 damage)
             ... on level 6 of the Dungeon.
             The game lasted 00:01:30 (3880 turns).

qw the Skirmisher (Gargoyle Hunter)                 Turns: 3880, Time: 00:01:30

Health: -1/49      AC: 11    Str: 15    XL:     8   Next: 16%
Magic:  8/8        EV: 12    Int: 10    God:
Gold:   309        SH:  0    Dex: 15    Spells: 7/7 levels left

rFire   . . .        Y - +3 shortbow
rCold   . . .        (shield currently unavailable)
rNeg    + . .        h - +1 robe {Will+}
rPois   inf          i - +0 helmet
rElec   +            (no cloak)
rCorr   .            f - +0 pair of gloves
SInv    .            (no boots)
Will    +....        d - amulet of the acrobat
Stlth   ++           c - +4 ring of slaying {mikee}
HPRegen 0.28/turn    (no ring)
MPRegen 0.11/turn

%: acrobat
@: no status effects
A: sickness immunity, AC +5, negative energy resistance 1, electricity
resistance, torment resistance 1, petrification resistance
a: no special abilities


You were on level 6 of the Dungeon.
You visited 1 branch of the dungeon, and saw 6 of its levels.

You collected 309 gold pieces.


Innate Abilities, Weirdness & Mutations

You are immune to sickness and miasma.
Your stone body is resilient. (AC +5)
You are immune to poison.
You resist negative energy. (rN+)
You are resistant to electric shocks. (rElec)
You are resistant to unholy torment.
You are immune to petrification.


   Skills:
 - Level 5.1 Fighting
 + Level 8.6 Ranged Weapons
 - Level 2.3 Armour
 - Level 2.0 Dodging
 - Level 1.1 Stealth


You had 7 spell levels left.
You didn't know any spells.
Your spell library was empty.

Inventory:

Hand Weapons
 Y - a +3 shortbow (weapon)
Armour
 a - a +0 ring mail
 f - a +0 pair of gloves (worn)
 h - a +1 robe of willpower (worn)
 i - a +0 helmet (worn)
Jewellery
 c - a +4 ring of slaying (left hand) {mikee}
 d - an amulet of the acrobat (around neck)
 g - a ring of ice
Scrolls
 b - a scroll of identify
Potions
 j - a potion of curing
 l - a potion of haste

Dungeon Overview and Level Annotations

Branches:
Dungeon (6/15)
 Temple: D:4-7

Altars:
Ashenzari
Dithmenos
Nemelex Xobeh
Trog
Uskayaw
Yredelemnul

Shops:
D:5 =

Annotations:
D:3 3 runed translucent doors, qw's ghost, amateur GrHu
D:5 2 transporters, qw's ghost, amateur GrHu


Message History

You shoot an arrow. The arrow hits the orc priest.
The orc priest is severely wounded.
The orc hits you but does no damage. The orc priest misses you.
The orc priest miscasts a cantrip.
You shoot an arrow. The arrow barely misses the orc priest.
The arrow barely misses the iguana.
The orc barely misses you.
The orc priest miscasts a cantrip.
The orc priest hits you but does no damage.
You shoot an arrow. The arrow hits the orc priest.
The orc priest is almost dead.
The orc hits you with a +0 flail! The orc priest barely misses you.
The orc priest calls down the wrath of Beogh upon you.
Beogh smites you!
3875 ||| DRINKING potion of heal wounds.
You feel much better. The orc barely misses you.
The orc priest hits you with a +0 dagger.
The orc priest closely misses you.
You shoot an arrow. The arrow hits the orc priest!
You kill the orc priest!
The orc priest hits you with a +0 dagger.
The orc misses you.
You shoot an arrow. The arrow hits the iguana.
The iguana is severely wounded.
The iguana bites you. The orc hits you but does no damage.
The orc priest closely misses you.
You shoot an arrow. The arrow hits the iguana!
You kill the iguana!
The orc hits you with a +0 flail.
The orc priest hits you but does no damage.
You shoot an arrow.
The arrow completely misses the orc priest.
The orc barely misses you.
The orc priest calls down the wrath of Beogh upon you.
Beogh smites you!
You shoot an arrow. The arrow hits the orc priest!
The orc priest is severely wounded.
The orc hits you with a +0 flail.
You die...

.# .. #. #.
#.#######
#.....o@#
#.....o)#
#.<.....#
#.......#
#.......#
.......).#
..........#
...####.####
... ...


You could see an orc priest and an orc.

Vanquished Creatures
  An ogre (D:5)
  2 scorpions
  A howler monkey (D:5)
  A jelly (D:5)
  3 orc priests
  3 hounds
  Ijyb (D:5)
  A sleepcap (D:5)
  4 orc wizards
  6 iguanas
  A scorpion zombie (D:3)
  A hound zombie (D:3)
  Robin (D:4)
  8 adders
  An adder zombie (D:3)
  3 worms
  10 orcs
  10 endoplasms
  A giant cockroach (D:1)
  6 hobgoblins
  7 kobolds
  A quokka (D:1)
  5 ball pythons
  A ball python zombie (D:3)
  3 bats (D:1)
  3 frilled lizards
  13 goblins
  6 rats
104 creatures vanquished.

Notes
Turn   | Place    | Note
-------+----------+-------------------------------------------
     0 | D:1      | qw the Gargoyle Hunter began the quest for the Orb.
     0 | D:1      | Reached XP level 1. HP: 12/12 MP: 1/1
     0 | D:1      | 0 ||| qw: Version: 0.3-a-83-gcd0e7d8
     0 | D:1      | 0 ||| qw: Game counter: 1464
     0 | D:1      | 0 ||| qw: Melee chars always use a shield: true
     0 | D:1      | 0 ||| qw: God list: Okawaru
     0 | D:1      | 0 ||| qw: Allow faded altars: false
     0 | D:1      | 0 ||| qw: Do Orc after clearing Dungeon:15 true
     0 | D:1      | 0 ||| qw: Do second Lair branch before Depths: true
     0 | D:1      | 0 ||| qw: Lair rune preference: random
     0 | D:1      | 0 ||| qw: Goals: Normal
     0 | D:1      | 0 ||| PLANNING D:1-11
     3 | D:1      | Noticed an electric eel
     4 | D:1      | Noticed an electric eel
   117 | D:1      | Reached XP level 2. HP: 17/17 MP: 2/2
   470 | D:1      | 470 ||| READING scroll labelled MYLECKUKO.
   471 | D:1      | 471 ||| READING scroll labelled UGOMUYDOFI.
   472 | D:1      | 472 ||| READING scroll labelled UHEUMU FUNI.
   473 | D:1      | 473 ||| READING scroll labelled OXESITIODD.
   474 | D:1      | 474 ||| DROPPING scroll of butterflies.
   515 | D:2      | Reached skill level 5 in Ranged Weapons
   515 | D:2      | Reached XP level 3. HP: 21/21 MP: 3/3
   705 | D:2      | Found a faded altar of an unknown god.
  1058 | D:2      | Reached skill level 3 in Fighting
  1058 | D:2      | Reached XP level 4. HP: 9/28 MP: 4/4
  1302 | D:2      | 1302 ||| UPGRADING to amulet of the acrobat.
  1307 | D:2      | 1307 ||| READING scroll labelled VIRECZ XAME.
  1311 | D:2      | 1311 ||| READING scroll labelled AVVEACWIQEO.
  1356 | D:3      | HP: 5/28 [worm (8)]
  1360 | D:3      | 1360 ||| STAIRDANCE
  1656 | D:3      | 1656 ||| READING scroll of enchant weapon.
  1656 | D:3      | 1656 ||| ENCHANTING +1 shortbow.
  1678 | D:3      | Reached XP level 5. HP: 32/32 MP: 5/5
  1705 | D:3      | Found a runed translucent gate.
  1705 | D:3      | Found a runed translucent gate.
  1706 | D:3      | Found a runed translucent gate.
  1708 | D:3      | Noticed qw's ghost (amateur GrHu)
  1708 | D:3      | Noticed a kobold brigand
  1731 | D:3      | Reached skill level 6 in Ranged Weapons
  1752 | D:3      | Found a basalt altar of Yredelemnul.
  2008 | D:3      | Found a hide-covered altar of Uskayaw.
  2076 | D:3      | 2076 ||| UPGRADING to +0 ring mail.
  2086 | D:3      | 2086 ||| DROPPING +0 leather armour.
  2087 | D:3      | 2087 ||| UPGRADING to +0 pair of gloves.
  2092 | D:3      | 2092 ||| UPGRADING to +1 robe of willpower.
  2102 | D:3      | 2102 ||| READING scroll labelled HYPLIV NIOBI.
  2103 | D:3      | 2103 ||| READING 2 scrolls of identify.
  2103 | D:3      | 2103 ||| IDENTIFYING amethyst potion
  2240 | D:4      | Reached XP level 6. HP: 38/38 MP: 6/6
  2315 | D:4      | Noticed Robin
  2319 | D:4      | Killed Robin
  2578 | D:4      | Found a sparkling altar of Nemelex Xobeh.
  2579 | D:4      | Found a shadowy altar of Dithmenos.
  2666 | D:4      | Reached skill level 7 in Ranged Weapons
  2854 | D:4      | 2854 ||| UPGRADING to +0 helmet.
  2859 | D:4      | 2859 ||| UPGRADING to +4 ring of slaying {mikee}.
  2900 | D:5      | Entered Level 5 of the Dungeon
  2959 | D:5      | Found Qoator's Jewellery Boutique.
  2966 | D:5      | Reached XP level 7. HP: 43/43 MP: 7/7
  3002 | D:5      | 3002 ||| SHOPLISTING +4 ring of slaying (1170 gold, have
                  | 267).
  3002 | D:5      | 3002 ||| SHOPLISTING +6 ring of strength (540 gold, have
                  | 267).
  3002 | D:5      | 3002 ||| SHOPLISTING amulet of faith (600 gold, have 267).
  3002 | D:5      | 3002 ||| SHOPLISTING ring of Fagitipia {rElec Dex+6 SInv}
                  | (813 gold, have 267).
  3002 | D:5      | 3002 ||| SHOPLISTING ring of Juinu {rPois rF+} (510 gold,
                  | have 267).
  3002 | D:5      | 3002 ||| SHOPLISTING ring of fire (375 gold, have 267).
  3002 | D:5      | 3002 ||| SHOPLISTING ring of positive energy (300 gold,
                  | have 267).
  3002 | D:5      | 3002 ||| SHOPLISTING ring of the King {Fire Str-2 Int+4}
                  | (543 gold, have 267).
  3088 | D:5      | Found a bloodstained altar of Trog.
  3089 | D:5      | Found a broken altar of Ashenzari.
  3166 | D:5      | Reached skill level 8 in Ranged Weapons
  3360 | D:5      | Noticed Ijyb
  3371 | D:5      | Killed Ijyb
  3474 | D:5      | Reached XP level 8. HP: 46/49 MP: 8/8
  3512 | D:5      | Found a transporter.
  3641 | D:5      | Noticed qw's ghost (amateur GrHu)
  3707 | D:5      | Found a transporter.
  3740 | D:5      | 3740 ||| READING scroll of enchant weapon.
  3740 | D:5      | 3740 ||| ENCHANTING +2 shortbow.
  3842 | D:5      | 3842 ||| DROPPING ring of flight.
  3843 | D:5      | 3843 ||| DRINKING 2 bubbling clear potions.
  3844 | D:5      | 3844 ||| READING 2 scrolls of identify.
  3844 | D:5      | 3844 ||| IDENTIFYING clear potion
  3863 | D:6      | 3863 ||| RETREEAATING.
  3864 | D:6      | 3864 ||| STILL RETREEAATING.
  3865 | D:6      | 3865 ||| Stepping ~*~*~tactically~*~*~ (retreating).
  3866 | D:6      | 3866 ||| Stepping ~*~*~tactically~*~*~ (retreating).
  3867 | D:6      | 3867 ||| Stepping ~*~*~tactically~*~*~ (retreating).
  3874 | D:6      | HP: 2/49 [orc priest/divine providence (12)]
  3875 | D:6      | 3875 ||| DRINKING potion of heal wounds.
  3879 | D:6      | HP: 4/49 [orc priest/divine providence (12)]
  3880 | D:6      | Slain by an orc

Levels and vault maps discovered:
D:1:      arrival_aquarium_b, layout_rooms, kennysheep_small_spiral
D:2:      layout_loops_ring, ebering_ecumenical_altar_petrified, feat_on_display
D:3:      layout_rooms, nicolae_yredelemnul_corpse_copse,
          nicolae_uskayaw_suspiria, gammafunk_ghost_nasty_kobolds
D:4:      layout_loops_ring, minitemple, uniq_robin
D:5:      layout_basic, nicolae_overflow_squiral, gammafunk_ghost_mausoleum,
          serial_shops, shop, lemuel_flamethrower_1, uniq_ijyb
D:6:      dreamdust_elfheim, layout_rooms, mainiacjoe_overflow_six_doors_small,
          minmay_temple_entry_from_below_b, minmay_hollow_rounded_squares

Skill      XL: |  1  2  3  4  5  6  7 |
---------------+----------------------+-----
Ranged Weapons | 5 6 7 8 |  8.6
Fighting       | 3 4 5 |  5.1
Armour         | 2 |  2.3
Dodging        | 2 |  2.0
Stealth        | |  1.1

Action                     |  1- 3 |  4- 6 |  7- 9 || total
---------------------------+-------+-------+-------++-------
   Fire: Shortbow          |    94 |   168 |   107 ||   369
    Use: Scroll            |     4 |     5 |     2 ||    11
         Potion            |       |       |     2 ||     2
 Armour: Leather armour    |     8 |    41 |       ||    49
         Robe              |       |     7 |    41 ||    48
  Dodge: Dodged            |    10 |    41 |    39 ||    90

Table legend:
 A = Non-vault XP
 B = Vault XP
 C = Vault XP percentage of total XP
 D = Non-vault monster count
 E = Vault monster count
 F = Vault count percentage of total count
                 A         B        C        D         E       F
            +---------+---------+-------+---------+---------+-------
      Total |    1254 |     133 |   9.6 |      88 |      16 |  15.4
            +---------+---------+-------+---------+---------+-------
        D:1 |      28 |       0 |   0.0 |      19 |       0 |   0.0
        D:2 |      80 |       0 |   0.0 |      12 |       0 |   0.0
        D:3 |     111 |      60 |  35.1 |      19 |       4 |  17.4
        D:4 |     171 |      34 |  16.6 |      14 |      11 |  44.0
        D:5 |     744 |      39 |   5.0 |      21 |       1 |   4.5
        D:6 |     120 |       0 |   0.0 |       3 |       0 |   0.0
            +---------+---------+-------+---------+---------+-------
